 Dungeon Crawl Stone Soup version 0.31-a0-1626-g5cb510d (webtiles) character file.

Game seed: 16553747199659979744

132 PidgeyThePirate the Cutter (level 4, -2/55 HPs)
             Began as a Demonspawn Monk on Jan 11, 2024.
             Splashed by a jelly's acid (7 damage)
             ... on level 4 of the Dungeon on Jan 12, 2024.
             The game lasted 00:05:14 (2413 turns).

PidgeyThePirate the Cutter (Demonspawn Monk)        Turns: 2413, Time: 00:05:15

Health: -2/55      AC: 18    Str: 18    XL:     4   Next: 92%
Magic:  4/4        EV:  2    Int: 10    God:
Gold:   124        SH:  0    Dex: 17    Spells: 3/3 levels left

rFire   . . .        a - +0 short sword
rCold   . . .        d - orb {light}
rNeg    . . .        e - melded +0 ring mail
rPois   +            (helmet currently unavailable)
rElec   .            (cloak currently unavailable)
rCorr   .            (gloves currently unavailable)
SInv    .            (boots currently unavailable)
Will    .....        n - amulet of the acrobat
Stlth   +            l - +6 ring of strength
HPRegen 0.29/turn    (no ring)
MPRegen 0.09/turn

%: acrobat
@: tree-form, corroded, glowing
A: stationary, stasis, torment immunity, boosted hp, (weakness stinger 2)
a: no special abilities


You were on level 4 of the Dungeon.
You were a tree.
You visited 1 branch of the dungeon, and saw 4 of its levels.

You collected 124 gold pieces.

Inventory:

Hand Weapons
 a - a +0 short sword (weapon)
Armour
 b - a +0 robe
 d - an orb of light (worn)
 e - a +0 ring mail (melded)
Jewellery
 l - a +6 ring of strength (left branch)
 n - an amulet of the acrobat (around neck)
 p - a ring of wizardry
Scrolls
 f - a scroll of fog {unknown}
 h - 2 scrolls of teleportation {unknown}
 i - 3 scrolls of identify {unknown}
 m - a scroll of enchant armour {unknown}
 q - a scroll of silence {unknown}
 r - a scroll of enchant weapon {unknown}
 s - a scroll of immolation {unknown}
Potions
 c - a potion of ambrosia
 k - a potion of enlightenment {unknown}
 o - a potion of mutation {unknown}


   Skills:
 + Level 3.7 Fighting
 + Level 4.0 Short Blades
 + Level 1.0 Armour
 + Level 3.3 Dodging


You had 3 spell levels left.
You didn't know any spells.
Your spell library contained the following spells:

 Spells                   Type           Power      Damage    Failure   Level
 Apportation              Tloc           0%         N/A       36%         1
 Necrotise                Necr           0%         1d4       36%         1
 Sting                    Conj/Alch      0%         1d3       36%         1
 Summon Small Mammal      Summ           0%         N/A       36%         1


Dungeon Overview and Level Annotations

Branches:
Dungeon (4/15)
 Temple: D:4-7

Altars:
Dithmenos
Trog
Uskayaw
Xom

Shops:
D:2 (


Innate Abilities, Weirdness & Mutations

You are a tree.
Your roots penetrate the ground, keeping you stationary.
You cannot be teleported.
You are immune to unholy pain and torment.
Your maximum health is greatly increased.
Your equipment is partially melded.
((You have a tail ending in a sharp stinger.))


Message History

You hit the jelly but do no damage.
Your branches burn!
The jelly is lightly wounded.
You hit the jelly but do no damage.
Your branches burn!
The jelly is lightly wounded.
The jelly hits you but does no damage.
You hit the jelly.
Your branches burn!
The jelly is moderately wounded.
The jelly hits you but does no damage.
You hit the jelly. The acid corrodes you!
Your branches burn!
The jelly is heavily wounded.
The jelly hits you but does no damage.
You hit the jelly but do no damage.
Your branches burn!
The jelly is heavily wounded.
The jelly hits you but does no damage.
You hit the jelly but do no damage.
Your branches burn!
The jelly is heavily wounded.
You hit the jelly but do no damage.
Your branches burn!
The jelly is heavily wounded.
The jelly hits you but does no damage.
You hit the jelly but do no damage.
Your branches burn!
The jelly is heavily wounded.
The jelly hits you.
You are splashed with acid!
You hit the jelly.
Your branches burn!
* * * LOW HITPOINT WARNING * * *
The jelly is severely wounded.
The jelly hits you but does no damage.
You hit the jelly but do no damage.
Your branches burn!
* * * LOW HITPOINT WARNING * * *
The jelly is severely wounded.
The jelly hits you but does no damage.
You hit the jelly but do no damage.
Your branches burn!
* * * LOW HITPOINT WARNING * * *
The jelly is severely wounded.
You hit the jelly.
Your branches burn!
* * * LOW HITPOINT WARNING * * *
The jelly is severely wounded.
The jelly hits you.
* * * LOW HITPOINT WARNING * * *
You are splashed with acid!
You die...

## . #...... #. . .......
###. .#........ ...
#......... ####..
#......... #.....
#........
#?..>.###......# ...
#..J♣.....# ##....
##..#.......####......
...............#.#....###
.......#.....#..........#
.......#.#.....##....##[.
....##...##.........##...
...#................#._..
..# ##..............##...
## #....###........##..


You could see a jelly.

Vanquished Creatures
  A bombardier beetle (D:3)
  2 adders (D:3)
  A ribbon worm (D:4)
  2 dart slugs
  2 orcs (D:3)
  6 ball pythons
  7 endoplasms
  3 giant cockroaches
  7 goblins
  6 hobgoblins
  5 jackals (D:1)
  3 kobolds
  A quokka (D:1)
  5 bats
  14 frilled lizards
  5 rats
70 creatures vanquished.

Notes
Turn   | Place    | Note
-------+----------+-------------------------------------------
     0 | D:1      | PidgeyThePirate the Demonspawn Monk began the quest for the
                  | Orb.
     0 | D:1      | Reached XP level 1. HP: 18/18 MP: 1/1
   112 | D:1      | Gained mutation: You have a small tail. [demonic ancestry]
   112 | D:1      | Reached XP level 2. HP: 19/24 MP: 2/2
   417 | D:1      | Reached skill level 3 in Short Blades
   677 | D:2      | Gained mutation: You have a tail ending in a sharp stinger.
                  | [demonic ancestry]
   677 | D:2      | Reached XP level 3. HP: 29/29 MP: 3/3
   708 | D:2      | Found Qidghih's Weapon Shoppe.
  1007 | D:2      | Found a bloodstained altar of Trog.
  1283 | D:2      | Found a faded altar of an unknown god.
  1529 | D:3      | Found a shimmering altar of Xom.
  1548 | D:3      | Reached XP level 4. HP: 32/35 MP: 4/4
  2053 | D:3      | Found a hide-covered altar of Uskayaw.
  2053 | D:3      | Noticed a +0 dagger
  2053 | D:3      | Noticed a +0 dagger
  2105 | D:3      | Reached skill level 1 in Armour
  2193 | D:3      | Reached skill level 4 in Short Blades
  2367 | D:4      | Found a shadowy altar of Dithmenos.
  2413 | D:4      | Splashed by a jelly's acid

Illustrated notes

Levels and vault maps discovered:
D:1:      psy_arrival_terrarium, layout_rooms, dk_noncrumbling_2,
          chequers_serial_rivers_micro_e
D:2:      layout_basic, chequers_ecumenical_altar_simple, serial_shops,
          nicolae_shop_bloodbath_and_beyond, basic_altar, minmay_lizard_king
D:3:      layout_loops_ring, old_standard_altar, dancing_weapons_uskayaw,
          chequers_serial_rivers_micro_b
D:4:      layout_cave_pools, grunt_temple_overflow_open,
          nicolae_dithmenos_through_a_glass_darkly, nicolae_ossuary_entry_ruins,
          serial_column_ruins, column_ruins_grid_1,
          column_ruins_open_tiny_water, column_ruins_columns_corner,
          column_ruins_open_small, column_ruins_columns_straight

Skill      XL: |  1  2  3  4 |
---------------+-------------+-----
Dodging        | 3 |  3.3
Short Blades   | 3 4 |  4.0
Armour         | 1 |  1.0
Fighting       | |  3.7

Action                     |  1- 3 |  4- 6 || total
---------------------------+-------+-------++-------
  Melee: Short sword       |   153 |    75 ||   228
         Tailslap          |    21 |     9 ||    30
    Use: Potion            |       |     2 ||     2
 Armour: Robe              |    20 |       ||    20
         Ring mail         |    53 |    21 ||    74
         Skin              |       |    11 ||    11
  Dodge: Dodged            |   127 |    30 ||   157

Table legend: (Time is in decaauts)
 A = Elapsed time spent in this place.
 B = Non-inter-level travel time spent in this place.
 C = Inter-level travel time spent in this place.
 D = Time resting spent in this place.
 E = Time spent auto-exploring this place.
 F = Levels seen in this place.
 G = Mean time per level.
                   A        B        C        D        E       F      G
               +--------+--------+--------+--------+--------+-----+--------+
         Total |   2375 |   2312 |     63 |      0 |   1739 |   4 |  593.8 |
       Dungeon |   2375 |   2312 |     63 |      0 |   1739 |   4 |  593.8 |
               +--------+--------+--------+--------+--------+-----+--------+

Top non-repeatable levels by time:
     D:3: 933 daAuts
     D:2: 806 daAuts
     D:1: 593 daAuts
     D:4: 41 daAuts
